[Event "*** SCC Grand Prix: Titled Tuesday Blitz"]
[Site "Chess.com"]
[Date "2020.06.02"]
[Round "4"]
[White "GregShahade"]
[Black "Grieve72"]
[Result "1-0"]
[WhiteElo "2585"]
[BlackElo "2357"]
[TimeControl "180+1"]
[EndTime "10:40:07 PDT"]
[Termination "GregShahade won by resignation"]

1. e4 c5 2. Nf3 e6 3. d4 cxd4 4.
Nxd4 Nc6 5. Nc3 Qc7 6. f4 Nxd4 7.
Qxd4 b6 8. Bd2 Bb7 9. O-O-O Nf6 10. Be2 Bc5 11. Qd3 d5 12. Bf3 dxe4 13. Nxe4 Nxe4 14. Bxe4 Rd8 15. Qb5+ Qd7 16. Qxd7+ Rxd7 17. Bxb7 Rxb7 18. Bc3 f6 19. Rd3 b5 20. a3 Ke7 21. Re1 Rc8 22. Re4 h6 23. Kd1 Rd7 24. Ke2 Rxd3 25.
Kxd3 Rd8+ 26. Ke2 Rc8 27. Kd1 Bxa3 28. f5 e5 29. Rg4 Kf7 30. Bxe5 fxe5 31. bxa3 Rc4 32.
Rxc4 bxc4 33. Kd2 h5 34. Kc3 Kf6 35. Kxc4 Kxf5 36. Kd3 h4 37. c4 Kf6 38. Ke4 Ke6 39.
c5 a5 40. a4 g6 41. g3 h3 42. g4 g5 43. c6 Kd6 44. c7 Kxc7 45. Kxe5 Kc6 46. Kf5 Kc5 47. Kxg5 Kb4 48. Kh4 Kxa4 49. g5 Kb3 50. g6 a4 51. g7 a3 52. g8=Q+ Kb2 53.
Kxh3 a2 54. Qxa2+ Kxa2 55. Kg4 Kb3 56. h4 Kc4 57. h5 Kd5 58. h6 Ke6 59. h7 1-0

[Event "*** SCC Grand Prix: Titled Tuesday Blitz"]
[Site "Chess.com"]
[Date "2020.06.02"]
[Round "4"]
[White "ElviraBerend"]
[Black "Roza_Idrisova"]
[Result "1-0"]
[WhiteElo "2402"]
[BlackElo "2173"]
[TimeControl "180+1"]
[EndTime "10:40:07 PDT"]
[Termination "ElviraBerend won on time"]

1. d4 d5 2. c4 c6 3. Nf3 Nf6 4.
g3 Bf5 5. Bg2 e6 6. O-O h6 7. b3 Be7 8. Bb2 O-O 9. Nc3 a5 10.
Re1 Ne4 11. Ne5 Nxc3 12. Bxc3 Nd7 13. Nd3 Nf6 14. f3 Bg6 15. e4 b5 16. cxd5 cxd5 17. e5 Nd7 18. Qd2 Qb6 19. Kh1 Rfc8 20. Bb2 Ra7 21.
Rac1 Rac7 22. Rxc7 Rxc7 23. h4 Rc6 24. Rc1 Qc7 25.
Rxc6 Qxc6 26. Nf4 Qc2 27. Qxc2 Bxc2 28. Bf1 b4 29. Bb5 Nf8 30. Kg2 Ng6 31. Nd3 f6 32.
exf6 gxf6 33. h5 Nh8 34. Nf4 Kf7 35. Bd7 Bf5 36. g4 Bd6 37. Nxd5 Bb1 38. Nb6 Bxa2 39. Ba4 Ke7 40. d5 Nf7 41. dxe6 Kxe6 42. Bc1 Bc7 43. Nc4 f5 44. Be3 fxg4 45. fxg4 Bb1 46. Nd2 Bc2 47.
Nf3 Be4 48. Kf2 Kd5 49. Nh4 Bc2 50. Nf5 Bd1 51. Nxh6 Nxh6 52. Bxh6 Bxg4 53. Be8 1-0

[Event "*** SCC Grand Prix: Titled Tuesday Blitz"]
[Site "Chess.com"]
[Date "2020.06.02"]
[Round "4"]
[White "northridgehawk"]
[Black "PlotnikovPavel"]
[Result "1/2-1/2"]
[WhiteElo "2281"]
[BlackElo "2442"]
[TimeControl "180+1"]
[EndTime "10:40:08 PDT"]
[Termination "Game drawn by repetition"]

1. e4 e6 2. Nc3 d5 3. Nf3 dxe4 4.
Nxe4 Nd7 5. d4 Ngf6 6. Nxf6+ Nxf6 7. Bd3 Be7 8. O-O O-O 9. Qe2 b6 10. Rd1 Bb7 11. Bf4 Nd5 12. Bg3 g6 13. Ne5 Bf6 14.
Be4 Qc8 15. h4 Bg7 16. h5 Nf6 17. Bxb7 Qxb7 18. hxg6 hxg6 19. c3 Qe4 20. Qd2 Rfd8 21. f3 Qd5 22. Qe2 Nh5 23. Bh2 Re8 24. Ng4 c5 25.
Be5 Rad8 26. Bxg7 Kxg7 27. Qe3 cxd4 28. Rxd4 Qc5 29. b4 Qf5 30. Rad1 Rxd4 31. Rxd4 e5 32. Rd5 Nf6 33. Nxf6 Qxf6 34. c4 Qe6 35. Qe4 f5 36. Qe3 e4 37. Qd4+ Kg8 38. Rd6 Qe5 39. Rxg6+ Kf7 40.
Qxe5 Rxe5 41. Rd6 Ke7 42. Rd4 exf3 43. gxf3 Re3 44. Kf2 Ra3 45. Rd2 Rc3 46. Rd4 Rc2+ 47. Ke3 Rxa2 48. Kf4 Ke6 49. b5 Ra4 50. Kg5 Ke5 51.
Rd5+ Ke6 52. Rd4 Ke5 53. Rh4 Rb4 54. Rf4 Ke6 55. Rh4 Ra4 56. Rd4 1/2-1/2

[Event "*** SCC Grand Prix: Titled Tuesday Blitz"]
[Site "Chess.com"]
[Date "2020.06.02"]
[Round "4"]
[White "Sam_ChessMood"]
[Black "mbojan"]
[Result "1/2-1/2"]
[WhiteElo "2843"]
[BlackElo "2617"]
[TimeControl "180+1"]
[EndTime "10:40:09 PDT"]
[Termination "Game drawn by repetition"]

1. e4 c5 2. Nf3 Nc6 3. d4 cxd4 4. Nxd4 Nf6 5. Nc3 e5 6. Ndb5 d6 7. Nd5 Nxd5 8. exd5 Nb8 9. a4 Be7 10. Be2 O-O 11. O-O Nd7 12. Bd2 f5 13. a5 e4 14.
Nd4 Ne5 15. a6 b6 16. f4 exf3 17. Bxf3 Nxf3+ 18. Qxf3 Bf6 19. Nc6 Qc7 20. Bc3 Bxc3 21. Qxc3 Kh8 22. Rae1 Qf7 23. Re7 Qg6 24. Qd3 Re8 25.
Rfe1 Bd7 26. b4 Bxc6 27. dxc6 Rxe7 28. Rxe7 Qg5 29. Qe3 Qg6 30. Qe6 Qh5 31. Qe2 Qg6 32. b5 h6 33. h3 Kh7 34. c7 Rc8 35. Qf3 Qf6 36. Rd7 Qe6 37. Qc6 Qe1+ 38. Kh2 Qe5+ 39.
g3 f4 40. gxf4 Qxf4+ 41. Kg2 Qg5+ 42. Kh2 Qf4+ 43. Kg2 Qg5+ 44. Kh2 Qf4+ 1/2-1/2

[Event "*** SCC Grand Prix: Titled Tuesday Blitz"]
[Site "Chess.com"]
[Date "2020.06.02"]
[Round "4"]
[White "GM_LOADING"]
[Black "mfwagnerpeixoto"]
[Result "1-0"]
[WhiteElo "2451"]
[BlackElo "2275"]
[TimeControl "180+1"]
[EndTime "10:40:10 PDT"]
[Termination "GM_LOADING won on time"]

1. e4 c5 2. Nf3 Nc6 3. d4 cxd4 4.
Nxd4 Nf6 5. Nc3 e6 6. Ndb5 Bb4 7. a3 Bxc3+ 8. Nxc3 d5 9. exd5 exd5 10. Bd3 O-O 11.
O-O d4 12. Ne2 Bg4 13. f3 Bh5 14. Bg5 Qd6 15. Qd2 Rfe8 16. Rad1 Rad8 17. Rfe1 Bg6 18. Nf4 Rxe1+ 19. Rxe1 Ne5 20. Bxg6 Nxg6 21. Nd3 h6 22. Bxf6 Qxf6 23. Re4 Qb6 24. Qb4 Qc6 25. Qb3 Rc8 26.
Re2 b6 27. h3 Re8 28. Nb4 Qd7 29. Qd3 Rxe2 30. Qxe2 Nf4 31. Qe4 g5 32. Nd3 Nxd3 33.
cxd3 Qa4 34. Kh2 a5 35. Qe5 Kh7 36. Qc7 Qe8 37. Qd6 b5 38. Qd5 Qe3 39. Qxf7+ Kh8 40. Qf6+ Kh7 41. Qf5+ Kh8 42. Qe4 Qf2 43. Qe5+ 1-0

[Event "*** SCC Grand Prix: Titled Tuesday Blitz"]
[Site "Chess.com"]
[Date "2020.06.02"]
[Round "4"]
[White "Sjakkerntobi"]
[Black "awesomevishesh"]
[Result "0-1"]
[WhiteElo "2272"]
[BlackElo "2450"]
[TimeControl "180+1"]
[EndTime "10:40:10 PDT"]
[Termination "awesomevishesh won by checkmate"]

1. e4 c5 2. Nf3 d6 3. d4 cxd4 4. Qxd4 Nf6 5. Nc3 a6 6. Bg5 Nc6 7. Qd2 e6 8. O-O-O Qc7 9. Bd3 Be7 10. h4 b5 11. a3 b4 12. axb4 Nxb4 13. h5 h6 14. Bf4 e5 15. Be3 Rb8 16. Rhe1 Be6 17.
Nh4 Qa5 18. Qe2 Na2+ 19. Nxa2 Qxa2 20. b3 d5 21. Ba7 d4 22. Bxa6 Ba3+ 23. Kd2 Bb4+ 24.
Kd3 Qxa6+ 25. c4 dxc3+ 26. Kc2 Qa2+ 27. Kd3 Rd8+ 28. Ke3 Qxa7+ 29. Kf3 Bg4+ 30. Kg3 Bxe2 31. Rxd8+ Kxd8 32. Rxe2 Qd4 33. Nf5 Nxe4+ 34. Kh2 Qd3 35.
Re3 Nxf2 36. Rxd3+ Nxd3 37. Ne3 Kd7 38. Kg3 Rc8 39. Nc2 f5 40. Kf3 Ke6 41. Ke3 e4 42.
g4 Bc5+ 43. Ke2 fxg4 44. Ne3 Bxe3 45. b4 c2 46. b5 c1=Q 47. b6 Qe1# 0-1

[Event "*** SCC Grand Prix: Titled Tuesday Blitz"]
[Site "Chess.com"]
[Date "2020.06.02"]
[Round "4"]
[White "oneshot007"]
[Black "BelaKis"]
[Result "1-0"]
[WhiteElo "2425"]
[BlackElo "2206"]
[TimeControl "180+1"]
[EndTime "10:40:10 PDT"]
[Termination "oneshot007 won on time"]

1. e4 e5 2. Nf3 Nc6 3. d4 exd4 4. Nxd4 Nf6 5. Nxc6 bxc6 6. e5 Qe7 7. Qe2 Nd5 8. g3 g6 9. c4 Ba6 10. b3 Bg7 11. Bb2 O-O 12. Bg2 Rae8 13. O-O f6 14. Qd2 Nb6 15. exf6 Bxf6 16. Bxf6 Qxf6 17. Na3 c5 18. Qa5 Nc8 19. Qxc5 Qb6 20. Qd5+ Kg7 21. Qxd7+ Re7 22. Qd3 c5 23. Rae1 Rfe8 24. Rxe7+ Rxe7 25. Nc2 Bb7 26. Ne3 Bxg2 27. Kxg2 Qe6 28. Nd5 Qe4+ 29. Qf3 Qxf3+ 30. Kxf3 Rf7+ 31. Kg2 Nb6 32. Rd1 Rd7 33. f4 Kf7 34. Kf3 Ke6 35. Ke4 Nxd5 36. cxd5+ Kd6 37.
f5 Re7+ 38. Kf4 Re2 39. fxg6 hxg6 40. h4 Rxa2 41. Kg5 Rg2 42. Rd3 a5 43. Kxg6 c4 44.
bxc4 a4 45. h5 Rb2 46. c5+ Kxc5 47. d6 Rb3 48. Rd2 Rxg3+ 49. Kh7 Rf3 50. d7 Rf8 51.
Kg7 Rd8 52. h6 Kc4 53. h7 Kc3 54. Rd6 a3 55. h8=Q Rxh8 56. Kxh8 a2 57. Ra6 Kb2 58. d8=Q a1=Q 59. Qd4+ Kb3 60. Rxa1 1-0

[Event "*** SCC Grand Prix: Titled Tuesday Blitz"]
[Site "Chess.com"]
[Date "2020.06.02"]
[Round "4"]
[White "OnatB"]
[Black "Shushik"]
[Result "1-0"]
[WhiteElo "2332"]
[BlackElo "2156"]
[TimeControl "180+1"]
[EndTime "10:40:11 PDT"]
[Termination "OnatB won by resignation"]

1. e4 e5 2. d4 exd4 3. Qxd4 Nc6 4. Qe3 d6 5. Nc3 Nf6 6. Bd2 Be7 7. f3 Be6 8. Nge2 O-O 9. Nf4 Re8 10. O-O-O Bf8 11. Kb1 d5 12. Bc1 d4 13. Nxe6 Rxe6 14. Qg5 Be7 15.
Qf5 a6 16. h4 Rd6 17. Ne2 d3 18. cxd3 Rxd3 19. Re1 Rd1 20. Rxd1 Qxd1 21. Nc3 Nd4 22. Nxd1 Nxf5 23. exf5 Rd8 24. Nc3 Nh5 25. Ne4 Rd1 26. Kc2 Rd8 27. Bc4 b5 28. Bb3 c5 29.
Kb1 c4 30. Bc2 Nf6 31. Nxf6+ Bxf6 32. a3 Kf8 33. g4 Ke7 34. Re1+ Kf8 35. g5 Bd4 36. Rd1 f6 37. g6 hxg6 38. fxg6 Ke7 39. h5 Ke6 40. h6 gxh6 41. g7 Kf7 42. Bxh6 Kg8 43. Bf5 Rd5 44. Be6+ 1-0

[Event "*** SCC Grand Prix: Titled Tuesday Blitz"]
[Site "Chess.com"]
[Date "2020.06.02"]
[Round "4"]
[White "r31415"]
[Black "MilanJeremic"]
[Result "1-0"]
[WhiteElo "2441"]
[BlackElo "2245"]
[TimeControl "180+1"]
[EndTime "10:40:12 PDT"]
[Termination "r31415 won by resignation"]

1. e4 c6 2. d4 d5 3. e5 a6 4. c3 g6 5. g4 h5 6. g5 Bf5 7. Bd3 Bxd3 8. Qxd3 e6 9. Be3 Ne7 10. Ne2 Qb6 11. Nd2 Nf5 12. Ng3 Ng7 13. Nb3 a5 14. Qc2 Na6 15. O-O Be7 16. h4 Qc7 17. f4 a4 18. Nd2 b5 19. b3 axb3 20.
axb3 O-O 21. b4 Qb7 22. Ra3 Nc7 23. Rfa1 Rxa3 24. Rxa3 Ra8 25. Qa2 Ra6 26. Nb3 Rxa3 27. Qxa3 Nge8 28. Ne2 Ng7 29. Nec1 Nf5 30. Bf2 Bf8 31. Nd3 Na6 32. Qa5 Qc8 33. Qb6 Be7 34.
Na5 Nb8 35. Qa7 Bd8 36. Nb7 Qc7 37. Ndc5 Ne7 38. Qa8 Qc8 39. Kg2 Kf8 40. Kf3 Ke8 41.
Nd6+ Kf8 42. Nxc8 Nxc8 43. Qxb8 Nb6 44. Qxd8+ Kg7 45. Qxb6 1-0

[Event "*** SCC Grand Prix: Titled Tuesday Blitz"]
[Site "Chess.com"]
[Date "2020.06.02"]
[Round "4"]
[White "Natalya_Buksa"]
[Black "GM_dmitrij"]
[Result "1-0"]
[WhiteElo "2573"]
[BlackElo "2917"]
[TimeControl "180+1"]
[EndTime "10:40:13 PDT"]
[Termination "Natalya_Buksa won on time"]

1. e4 e5 2. Nf3 Nc6 3. Bc4 Nf6 4.
Ng5 d5 5. exd5 Na5 6. Bb5+ c6 7.
dxc6 bxc6 8. Bd3 Nd5 9. h4 Qc7 10. Qf3 h6 11. Ne4 f5 12. Qh5+ Kd8 13. Nec3 Nf4 14.
Qf3 e4 15. Nxe4 fxe4 16. Bxe4 Bd6 17. d3 Rf8 18. Qe3 Bf5 19. O-O Bxe4 20. Qxe4 Kd7 21.
Nc3 Rae8 22. Qh7 Kc8 23. Ne4 Be5 24. Bxf4 Rxf4 25. Qg6 Qd7 26. g3 Rg4 27. Qh5 Nb7 28.
Kg2 Bc7 29. f3 Rgxe4 30. dxe4 Qd6 31. Qg4+ Kb8 32. Rad1 Qb4 33. b3 Nc5 34. Qxg7 Ne6 35. Qg4 Qe7 36. f4 Qf7 37. Qf5 Qg7 38. Kh3 Rg8 39.
Rd3 Nd4 40. Qc5 Qg4+ 41. Kg2 Ne2 42. Qb4+ Ka8 43. e5 Nxg3 44. Rff3 1-0

[Event "*** SCC Grand Prix: Titled Tuesday Blitz"]
[Site "Chess.com"]
[Date "2020.06.02"]
[Round "4"]
[White "LiamVrolijk"]
[Black "lukas_111111"]
[Result "1-0"]
[WhiteElo "2847"]
[BlackElo "2534"]
[TimeControl "180+1"]
[EndTime "10:40:13 PDT"]
[Termination "LiamVrolijk won by resignation"]

1. d4 d5 2. c4 e6 3. Nf3 c5 4. cxd5 exd5 5. g3 Nc6 6. Bg2 Nf6 7. O-O Be7 8. dxc5 Bxc5 9. a3 O-O 10. b4 Bb6 11. Bb2 Ne4 12. Nc3 Nxc3 13. Bxc3 d4 14. Bb2 Bf5 15. b5 Na5 16. Bxd4 Be4 17. Bc3 Nc4 18.
a4 Qe7 19. Qb3 Bd5 20. Bb4 Bc5 21. Bxc5 Qxc5 22. Rac1 Rac8 23. Rfd1 Be6 24. Nd4 Rcd8 25. e3 Na5 26. Qb2 Qb6 27. Qb4 Bd5 28. Bxd5 Rxd5 29. h4 h6 30. Qe7 Qd8 31. Qe4 Nb3 32. Rc4 Na5 33. Rc3 Qd7 34. Rdc1 Re8 35. Qd3 Qh3 36. Qf1 Qg4 37. Qd1 Qh3 38. Qf3 Rd6 39. Rc7 Rf6 40.
Qg2 Qg4 41. R7c5 g6 42. R5c3 Kg7 43. Rc7 g5 44. hxg5 hxg5 45. R7c5 Rh8 46. Re5 Nc4 47. Re4 Qh5 48. g4 Qh4 49. Nf5+ Rxf5 50. gxf5 Qh5 51. Rexc4 g4 52. Rxg4+ 1-0

[Event "*** SCC Grand Prix: Titled Tuesday Blitz"]
[Site "Chess.com"]
[Date "2020.06.02"]
[Round "4"]
[White "goldenpuppy"]
[Black "ZEN-22"]
[Result "0-1"]
[WhiteElo "2196"]
[BlackElo "2368"]
[TimeControl "180+1"]
[EndTime "10:40:13 PDT"]
[Termination "ZEN-22 won by resignation"]

1. e4 c5 2. Nf3 Nf6 3. Nc3 d5 4. exd5 Nxd5 5. Nxd5 Qxd5 6. d4 e6 7. Bb5+ Nc6 8. Be3 cxd4 9. Nxd4 Qxg2 10. Qf3 Qxf3 11.
Nxf3 Bd7 12. O-O-O a6 13. Ba4 O-O-O 14. Bb6 Re8 15.
Ng5 f6 16. Nf7 Rg8 17. Nd6+ Bxd6 18. Rxd6 Ne5 19. Bb3 Nf7 20. Rd2 Bc6 21. Rhd1 Bd5 22. Bxd5 exd5 23. Rxd5 Re6 24. Rd7 Rxb6 25. Rxf7 h5 26.
Rdd7 g5 27. Rc7+ Kb8 28. c4 Rc8 29. Rxc8+ Kxc8 30. Kc2 Rc6 31. Kd3 g4 32. Rh7 Rc5 33.
Rf7 Rf5 34. Ke3 Rf3+ 35. Ke2 b5 36. c5 a5 37. Ra7 a4 38. c6 Rf4 39. b3 axb3 40.
axb3 Rb4 41. Rf7 Rxb3 42. Rxf6 Kc7 43. Kd2 Rf3 44. Rh6 Rxf2+ 45. Ke3 Rxh2 46. Kf4 b4 47. Ke4 b3 48. Kd5 Rd2+ 49. Kc5 Rc2+ 50. Kd5 b2 51. Rh7+ Kb6 52. Rb7+ Ka6 53. Rb3 g3 54. c7 g2 55.
Rxb2 g1=Q 56. Rxc2 Qd1+ 57. Ke6 Qxc2 58. Kd7 h4 59.
c8=Q+ Qxc8+ 60. Kxc8 h3 61. Kb8 h2 62. Kc8 h1=Q 63.
Kd8 Qb7 64. Ke8 Kb6 0-1

[Event "*** SCC Grand Prix: Titled Tuesday Blitz"]
[Site "Chess.com"]
[Date "2020.06.02"]
[Round "4"]
[White "Korchmar_Vasiliy"]
[Black "atwalcb"]
[Result "0-1"]
[WhiteElo "2583"]
[BlackElo "2372"]
[TimeControl "180+1"]
[EndTime "10:40:14 PDT"]
[Termination "atwalcb won on time"]

1. d4 d6 2. e4 Nf6 3. Nc3 Nbd7 4. Nf3 e5 5. Bc4 Be7 6. O-O O-O 7. Re1 a6 8. a4 b6 9. b3 c6 10. d5 Bb7 11.
dxc6 Bxc6 12. Nd5 Nxd5 13. Bxd5 Bxd5 14. Qxd5 Qc7 15. c4 a5 16. Be3 Nf6 17. Qd3 Qc6 18. Nd2 Nd7 19. Nb1 h6 20. Nc3 Rfd8 21. Rad1 Kh7 22. Nb5 Nc5 23. Bxc5 dxc5 24. Qf3 Rxd1 25.
Rxd1 Rd8 26. Rxd8 Bxd8 27. Qf5+ Qg6 28. Qxe5 Bf6 29. Qf5 Qxf5 30. exf5 Be5 31. g4 h5 32. g5 h4 33. Na7 g6 34. f6 Bf4 35.
Nc8 Bxg5 36. Nxb6 Bxf6 37. Nc8 Bd4 38. Nd6 f5 39. Nb7 g5 40. Nxa5 g4 41. Nc6 f4 42.
a5 g3 43. hxg3 fxg3 44. a6 gxf2+ 45. Kf1 h3 0-1

[Event "*** SCC Grand Prix: Titled Tuesday Blitz"]
[Site "Chess.com"]
[Date "2020.06.02"]
[Round "4"]
[White "Ariadna_Atreides"]
[Black "Kolle05"]
[Result "0-1"]
[WhiteElo "2041"]
[BlackElo "2383"]
[TimeControl "180+1"]
[EndTime "10:40:14 PDT"]
[Termination "Kolle05 won on time"]

1. d4 Nf6 2. Nf3 g6 3. c4 Bg7 4.
Nc3 O-O 5. e4 d6 6. Be2 e5 7. d5 a5 8. Bg5 h6 9. Bh4 Qe8 10. Nd2 c6 11. O-O Nfd7 12. a3 f5 13. exf5 g5 14. Bg3 Nc5 15. Nde4 Nxe4 16. Nxe4 Qe7 17. dxc6 Bxf5 18. cxb7 Ra6 19. Qd5+ Qf7 20. Qxf7+ Rxf7 21. f3 Rb6 22. c5 dxc5 23. Bc4 Be6 24. Bxe6 Rxe6 25. Nxc5 Rb6 26. Rfd1 Kh7 27. Rd8 Bf8 28.
Bf2 Bxc5 29. Bxc5 Rbxb7 30. b4 Na6 31. Re1 axb4 32. axb4 Nxb4 33. Rxe5 Nc6 34. Ree8 Nxd8 35. Rxd8 Rfc7 36. Bd4 Rc2 37. h3 Rb1+ 38. Kh2 Rd1 39. Rh8+ Kg6 40. Be5 Rdd2 41. Rg8+ Kf5 0-1

[Event "*** SCC Grand Prix: Titled Tuesday Blitz"]
[Site "Chess.com"]
[Date "2020.06.02"]
[Round "4"]
[White "econpower"]
[Black "14Sokol88"]
[Result "1-0"]
[WhiteElo "2631"]
[BlackElo "2419"]
[TimeControl "180+1"]
[EndTime "10:40:15 PDT"]
[Termination "econpower won by resignation"]

1. c4 Nf6 2. g3 c6 3. Bg2 d5 4.
Nf3 dxc4 5. a4 g6 6. Na3 Bg7 7. Nxc4 O-O 8. O-O a5 9. d3 Na6 10. Bd2 Nc5 11. b4 axb4 12. Bxb4 Ne6 13. Rc1 Nd5 14.
Bd2 Nd4 15. a5 Nxf3+ 16. Bxf3 Bh3 17. Re1 Kh8 18. Qb3 Bc8 19. Red1 f5 20. Bg2 e5 21. e4 Nc7 22. Bc3 Re8 23. Qb2 Qe7 24.
Bb4 Qe6 25. Bc3 Nb5 26. Be1 f4 27. Nb6 Ra7 28. Nxc8 Rxc8 29. Rc5 Re8 30. Ra1 g5 31. Qc1 Ra6 32. Bf1 Rf8 33. d4 exd4 34. Rxg5 Bf6 35.
Rf5 Raa8 36. Qxf4 Bg7 37. Bb4 Rxf5 38. exf5 Qd5 39. Rd1 Bf6 40. Bg2 Qd7 41. Re1 Re8 42.
Rxe8+ Qxe8 43. h4 Qe7 44. Bxe7 Bxe7 45. Qb8+ Kg7 46. Qxb7 Kf7 47. Bxc6 Kf6 48. Qxb5 1-0

[Event "*** SCC Grand Prix: Titled Tuesday Blitz"]
[Site "Chess.com"]
[Date "2020.06.02"]
[Round "4"]
[White "bazar-wokzal"]
[Black "cassoulet"]
[Result "1/2-1/2"]
[WhiteElo "2399"]
[BlackElo "2596"]
[TimeControl "180+1"]
[EndTime "10:40:15 PDT"]
[Termination "Game drawn by repetition"]

1. e4 c5 2. c3 Nf6 3. e5 Nd5 4. Bc4 Nb6 5. Bb3 c4 6. Bc2 Nc6 7. Nf3 Qc7 8. Qe2 g5 9. Nxg5 Qxe5 10. d4 cxd3 11. Bxd3 Qxe2+ 12. Kxe2 h6 13. Nf3 d5 14. Re1 Bg4 15. Nd2 e5 16. Kf1 e4 17. Bb5 Bd6 18.
Nd4 Bd7 19. N2b3 O-O-O 20. h3 f5 21. a4 Nc4 22. Nxc6 Bxc6 23. Bxc4 dxc4 24. Nd4 Bd7 25. Nb5 Bb8 26. Be3 a6 27. Na7+ Bxa7 28. Bxa7 Bc6 29.
a5 Rd3 30. Bd4 Rg8 31. g3 f4 32. gxf4 Rxh3 33. Ke2 Be8 34. Kd2 Rd3+ 35. Kc2 Rf3 36. Be3 Rg2 37. Rg1 Rfxf2+ 38. Bxf2 Rxf2+ 39. Kd1 e3 40. Ke1 Bh5 41. Ra4 Re2+ 42. Kf1 Rxb2 43. Rxc4+ Kb8 44.
Re4 Rb1+ 45. Kg2 Bf3+ 46. Kxf3 Rxg1 47. Rxe3 Kc7 48. f5 Rf1+ 49. Ke4 Kd6 50. Rh3 Re1+ 51.
Kf4 Rf1+ 52. Ke4 Re1+ 53. Kf4 Rf1+ 54. Ke4 1/2-1/2

[Event "*** SCC Grand Prix: Titled Tuesday Blitz"]
[Site "Chess.com"]
[Date "2020.06.02"]
[Round "4"]
[White "Zufi1811"]
[Black "Jojo_1608"]
[Result "1-0"]
[WhiteElo "2461"]
[BlackElo "2163"]
[TimeControl "180+1"]
[EndTime "10:40:15 PDT"]
[Termination "Zufi1811 won on time"]

1. d4 Nf6 2. Nf3 g6 3. g3 Bg7 4. Bg2 O-O 5. O-O d6 6. a4 Nc6 7. a5 a6 8. Nc3 e5 9. dxe5 dxe5 10. Bg5 Qxd1 11. Rfxd1 h6 12. Bxf6 Bxf6 13. Nd2 Nd4 14. Rac1 c6 15. e3 Nb5 16. Nce4 Be7 17. Nc4 Be6 18.
Nb6 Rad8 19. c4 Nc7 20. Na4 Bb4 21. Nec5 Bc8 22. Nb3 Be6 23. Nac5 Rxd1+ 24. Rxd1 Bxc4 25. Rd7 Rc8 26. h4 Kf8 27. h5 gxh5 28. Bh3 Ke8 29.
Nd3 Bxb3 30. Nxb4 Be6 31. Bxe6 fxe6 32. Rh7 Rd8 33. Rxc7 Rd1+ 34. Kg2 Rd2 35. b3 Rb2 36. Nd3 Rxb3 37. Nxe5 Rb5 38. Nf7 Rxa5 39. Nd6+ Kd8 40. Rxb7 Rd5 41. Nf7+ Ke8 42. Nxh6 a5 43. Ra7 1-0

[Event "*** SCC Grand Prix: Titled Tuesday Blitz"]
[Site "Chess.com"]
[Date "2020.06.02"]
[Round "4"]
[White "PawnEatingZombie"]
[Black "2nd_life"]
[Result "0-1"]
[WhiteElo "2211"]
[BlackElo "2425"]
[TimeControl "180+1"]
[EndTime "10:40:16 PDT"]
[Termination "2nd_life won on time"]

1. d4 Nf6 2. c4 e6 3. Nc3 Bb4 4. Qc2 O-O 5. e4 d5 6. e5 Ne4 7.
Bd3 c5 8. Nf3 cxd4 9. Nxd4 Nd7 10. Bf4 Ndc5 11. O-O Bxc3 12. bxc3 Nxd3 13. Qxd3 b6 14.
cxd5 Qxd5 15. Rfd1 Bb7 16. c4 Qd7 17. Qe3 Rfd8 18.
f3 Nc5 19. Bg5 Re8 20. Nb5 Qc6 21. Nd6 Rf8 22. Be7 Ba6 23. Qg5 Kh8 24. Bxf8 Rxf8 25. Rd4 h6 26. Qe3 Kh7 27. Rad1 f6 28. exf6 Rxf6 29. Ne4 Rg6 30. Nxc5 Qxc5 31. Re4 Qxe3+ 32. Rxe3 Bxc4 33. a3 Bd5 34. Kf2 Rf6 35. Rc3 Rf7 36. Rdc1 a5 37. Rc7 Rf4 38. Re7 Rf6 39. Rcc7 Rg6 40.
h4 h5 41. Ra7 Kh6 42. g3 Kh7 43. f4 Kh6 44. Red7 Bc4 45. Re7 b5 46. Reb7 Kh7 47. Rxa5 Rf6 0-1

[Event "*** SCC Grand Prix: Titled Tuesday Blitz"]
[Site "Chess.com"]
[Date "2020.06.02"]
[Round "4"]
[White "Saxar85"]
[Black "Andreikka"]
[Result "0-1"]
[WhiteElo "2728"]
[BlackElo "2933"]
[TimeControl "180+1"]
[EndTime "10:40:17 PDT"]
[Termination "Andreikka won on time"]

1. Nf3 d5 2. g3 Nd7 3. d4 Nb6 4.
Bg2 Bf5 5. O-O e6 6. b3 Nf6 7.
Bb2 Be7 8. Nbd2 c6 9. c4 h6 10. a4 a5 11. e3 O-O 12. Qe2 Re8 13. Rac1 Bb4 14. Ne5 Nbd7 15. Nd3 Bf8 16. Rfd1 Qb6 17.
c5 Qa6 18. Nf4 Qxe2 19. Nxe2 e5 20. h3 h5 21. Nf3 exd4 22. Bxd4 Ne4 23. Nf4 Nexc5 24.
Bxc5 Nxc5 25. Nd4 Bg6 26. Nxg6 fxg6 27. h4 Ra6 28. Rb1 Rb6 29. Bf1 Kf7 30. Kg2 Be7 31. Rdc1 Ne4 32. Bd3 Nd2 33. Rb2 Ba3 34. Rxd2 Bxc1 35.
Ra2 Rb4 36. Ne2 Bxe3 37. fxe3 Rxe3 38. Nc1 Rg4 39. Kf2 Rgxg3 40. Be2 Rc3 41. Ra1 Rh3 42. Kg2 Rxh4 43. Nd3 Rxb3 44. Nc5 Rb2 45. Kf3 Rh3+ 46. Kg2 Re3 0-1

[Event "*** SCC Grand Prix: Titled Tuesday Blitz"]
[Site "Chess.com"]
[Date "2020.06.02"]
[Round "4"]
[White "kleinebeer98"]
[Black "doons21"]
[Result "0-1"]
[WhiteElo "2658"]
[BlackElo "2497"]
[TimeControl "180+1"]
[EndTime "10:40:17 PDT"]
[Termination "doons21 won on time"]

1. e4 e6 2. d4 d5 3. Nc3 Bb4 4. e5 Ne7 5. a3 Bxc3+ 6. bxc3 c5 7. Qg4 Kf8 8. h4 Qa5 9. Bd2 Qa4 10. h5 h6 11. Nf3 b6 12. Qf4 Qxc2 13. Be2 Ba6 14. Bxa6 Nxa6 15. O-O Kg8 16. a4 Qe4 17. Qh2 Kh7 18.
Rfe1 Qg4 19. a5 Nc7 20. Be3 c4 21. Reb1 Nc6 22. a6 b5 23. Ne1 Kg8 24. f3 Qf5 25. g4 Qh7 26. Bc1 Rb8 27. Ba3 b4 28. Bxb4 Nxb4 29.
Nc2 Nc6 30. Rxb8+ Nxb8 31. Rb1 Nbxa6 32. Rb7 Qd3 33. Nb4 Qxc3 34. Nc6 Qe1+ 35. Kg2 Kh7 36. Qf4 Qe2+ 37. Kg3 Rf8 38. Ne7 c3 39. Ng6 Qe1+ 40. Kh3 Qh1+ 41. Kg3 Qe1+ 42. Kh3 fxg6 43. hxg6+ Kxg6 44. Qxf8 c2 45. f4 Qf1+ 46. Kh4 c1=Q 47. f5+ exf5 48.
gxf5+ Qxf5 0-1

[Event "*** SCC Grand Prix: Titled Tuesday Blitz"]
[Site "Chess.com"]
[Date "2020.06.02"]
[Round "4"]
[White "ama18"]
[Black "Kanthecarowin"]
[Result "1/2-1/2"]
[WhiteElo "2522"]
[BlackElo "2337"]
[TimeControl "180+1"]
[EndTime "10:40:17 PDT"]
[Termination "Game drawn by repetition"]

1. e4 c6 2. d4 d5 3. Nd2 dxe4 4. Nxe4 Bf5 5. Ng3 Bg6 6. h4 h6 7. N1e2 Nd7 8. Nf4 Bh7 9. Bc4 e5 10. dxe5 Qa5+ 11. c3 Qxe5+ 12. Be3 Ngf6 13. O-O Be7 14.
Re1 O-O 15. Qf3 Qc7 16. Bb3 Bd6 17. Ngh5 Rad8 18. Nxf6+ Nxf6 19. Nh5 Nxh5 20. Qxh5 Bf4 21. Bxf4 Qxf4 22. g3 Qf6 23. Rad1 Bg6 24. Qg4 Rfe8 25. h5 Bf5 26. Qb4 b6 27. Rxd8 Rxd8 28. Qe7 Rd7 29. Qxf6 gxf6 30. f3 Rd2 31. Re7 Rxb2 32. Bxf7+ Kf8 33.
Rxa7 Bh3 34. g4 Rg2+ 35. Kh1 Rd2 36. Kg1 Rg2+ 37. Kh1 Rd2 38. Bg6 Bg2+ 39. Kg1 Bxf3 40. Bf5 Bd5 41. Rh7 Rg2+ 42. Kf1 Rxa2 43. Rxh6 Kg7 44. Rh7+ Kg8 45. h6 Rh2 46. Kg1 Rh1+ 47. Kf2 b5 48. Rg7+ Kf8 49. Rg6 Kf7 50. Rg7+ Kf8 51. Rh7 Kg8 52. Ke3 Rh3+ 53. Kd4 Rh4 54. Rg7+ Kf8 55. Rh7 Kg8 56. Rg7+ Kf8 57. Rh7 Kg8 1/2-1/2

[Event "*** SCC Grand Prix: Titled Tuesday Blitz"]
[Site "Chess.com"]
[Date "2020.06.02"]
[Round "4"]
[White "Perecke"]
[Black "Artem_Koval"]
[Result "1-0"]
[WhiteElo "2194"]
[BlackElo "2389"]
[TimeControl "180+1"]
[EndTime "10:40:17 PDT"]
[Termination "Perecke won on time"]

1. e4 c5 2. Nf3 d6 3. d4 cxd4 4. Nxd4 Nf6 5. Nc3 a6 6. h3 e5 7.
Nde2 b5 8. g4 Bb7 9. Bg2 h6 10.
O-O Nbd7 11. f4 exf4 12. Bxf4 Ne5 13. Nd5 Nxd5 14. exd5 Be7 15. Nd4 O-O 16. Nf5 Bf6 17. Qd2 Nc4 18. Qf2 Bxb2 19. Rae1 Be5 20. Bxh6 Qb6 21.
Qxb6 Nxb6 22. Rxe5 dxe5 23. Bxg7 Rfe8 24. Bf6 Bxd5 25. Ne7+ Rxe7 26. Bxe7 Bxg2 27. Kxg2 Rc8 28. Rf2 Nd5 29. Bd6 e4 30. Re2 Rxc2 31. Rxc2 Ne3+ 32. Kg3 Nxc2 33. Kf4 e3 34. Kf3 b4 35. h4 a5 36. h5 a4 37. g5 b3 38. axb3 axb3 39.
Be5 Kf8 40. h6 Kg8 41. Bb2 Kh7 42. Bf6 Kg6 43. Bc3 1-0